 Dungeon Crawl Stone Soup version 0.24.0-123-gd5b16e6ec5 (webtiles) character file.

Game seed: 15289947643629592861, levelgen mode: deterministic

573 vurker the Twirler (level 7, 0/60 HPs)
             Began as a Minotaur Gladiator on Dec 19, 2019.
             Was an Initiate of Gozag.
             Slain by Prince Ribbit (2 damage)
             ... on level 5 of the Dungeon.
             The game lasted 00:05:46 (3748 turns).

vurker the Twirler (Minotaur Gladiator)             Turns: 3748, Time: 00:05:46

Health: 0/60       AC: 11    Str: 26    XL:     7   Next: 12%
Magic:  0/6        EV:  9    Int:  5    God:    Gozag
Gold:   305        SH:  0    Dex: 11    Spells: 6/6 levels left

rFire    . . .     SeeInvis .   a - +0 quarterstaff
rCold    . . .     Gourm    .   (shield currently unavailable)
rNeg     . . .     Faith    .   f - +0 plate armour
rPois    +         Spirit   +   c - +0 hat
rElec    .         Reflect  .   m - scarf {Spirit}
rCorr    .         Harm     .   (no gloves)
MR       .....                  (no boots)
Stlth    ..........             (no amulet)
HPRegen  0.20/turn              p - ring of poison resistance
MPRegen  0.10/turn              (no ring)

@: mighty, gold aura, flying
A: retaliatory headbutt, horns 2
a: Potion Petition, Call Merchant, Bribe Branch, Renounce Religion


You were on level 5 of the Dungeon.
You worshipped Gozag.
Gozag was aware of your devotion.
You were not hungry.

You visited 1 branch of the dungeon, and saw 5 of its levels.

You collected 353 gold pieces.
You paid 48 gold pieces to Gozag.

Inventory:

Hand Weapons
 a - a +0 quarterstaff (weapon)
 u - a +2 flail of holy wrath
   (You took it off Edmund on level 4 of the Dungeon)
Missiles
 d - a throwing net (quivered)
Armour
 c - a +0 hat (worn)
 f - a +0 plate armour (worn)
   (You found it on level 3 of the Dungeon)
 m - a scarf of spirit shield (worn)
   (You found it on level 1 of the Dungeon)
Jewellery
 l - an uncursed ring of fire
   (You found it on level 1 of the Dungeon)
 p - a ring of poison resistance (left hand)
   (You found it on level 2 of the Dungeon)
Wands
 v - a wand of digging (4)
   (You took it off Ijyb on level 4 of the Dungeon)
 w - a wand of enslavement (5)
   (You found it on level 4 of the Dungeon)
Scrolls
 b - 2 scrolls of magic mapping {unknown}
 g - a scroll of enchant weapon {unknown}
 i - 2 scrolls of enchant armour {unknown}
 j - a scroll of fear {unknown}
 k - 5 scrolls of identify {unknown}
 n - 2 scrolls of fog {unknown}
 o - 2 scrolls of remove curse {unknown}
 s - a scroll of teleportation {unknown}
Potions
 h - a potion of heal wounds {unknown}
 q - 2 potions of flight
 r - a potion of might
 t - a potion of experience {unknown}
Comestibles
 e - 5 rations


   Skills:
 + Level 4.7 Fighting
 * Level 6.8 Staves
 - Level 2.0 Throwing
 + Level 3.7 Armour
 + Level 4.9 Dodging


You had 6 spell levels left.
You didn't know any spells.
Your spell library contained the following spells:

 Spells                   Type           Power        Failure   Level  Hunger
 Animate Skeleton         Necr           N/A          100%        1    ##.....
 Apportation              Tloc           #.....       100%        1    ##.....
 Confusing Touch          Hex            #.....       100%        1    ##.....
 Corona                   Hex            #......      100%        1    ##.....
 Summon Small Mammal      Summ           #...         100%        1    ##.....
 Ensorcelled Hibernation  Hex/Ice        #.....       100%        2    ###....
 Confuse                  Hex            #.......     100%        3    ####...
 Dazzling Spray           Conj/Hex       #.....       100%        3    ####...
 Tukima's Dance           Hex            #.......     100%        3    ####...


Dungeon Overview and Level Annotations

Branches:
Dungeon (5/15)
 Temple: D:4-7

Altars:
Ashenzari
Cheibriados
Fedhas
Gozag
Nemelex Xobeh
Ru
Trog
Wu Jian
Xom
The Shining One

Shops:
D:5 :

Annotations:
D:5 Prince Ribbit


Innate Abilities, Weirdness & Mutations

You reflexively headbutt those who attack you in melee.
You have a pair of horns on your head.


Message History

Prince Ribbit hits you but does no damage.
You barely miss Prince Ribbit. Your headbutt misses Prince Ribbit.
Prince Ribbit blinks!
Found a scroll labeled WEEL KONOMA.
You see here a whip.
You barely miss the hound.
You headbutt the hound, but do no damage.
The hound bites you but does no damage. The hound barely misses you.
You barely miss the hound. Your headbutt misses the hound.
The hound closely misses you.
You barely miss the hound. Your headbutt misses the hound.
The hound bites you but does no damage. Prince Ribbit hits you.
The hound completely misses you. You furiously retaliate!
You headbutt the hound. You sock the hound!
The hound bites you but does no damage. Prince Ribbit barely misses you.
You hit the hound. The hound bites you but does no damage.
Prince Ribbit hits you!
* * * LOW HITPOINT WARNING * * *
You hit the hound.
You kill the hound!
Prince Ribbit hits you!
* * * LOW HITPOINT WARNING * * *
It was a potion of flight.
You feel very buoyant.
You fly up into the air.
Prince Ribbit hits you.
* * * LOW HITPOINT WARNING * * *
Prince Ribbit hits you!
* * * LOW HITPOINT WARNING * * *
It was a potion of might.
You feel very mighty all of a sudden. Prince Ribbit hits you.
* * * LOW HITPOINT WARNING * * *
Okay, then.
You sock Prince Ribbit! Prince Ribbit hits you.
* * * LOW HITPOINT WARNING * * *
Prince Ribbit barely misses you. You furiously retaliate!
You headbutt Prince Ribbit!
Unknown command.
You closely miss Prince Ribbit.
Prince Ribbit becomes distracted by the nearby gold, dreaming of imaginary riches.
You miss Prince Ribbit.
Prince Ribbit is no longer distracted by gold.
Prince Ribbit gives a loud, deep croak!
You headbutt Prince Ribbit!
You hear an angry hiss.
Prince Ribbit casts a spell.
Prince Ribbit looks slightly unstable.
Prince Ribbit hits you.
You die...
Your body crumbles into a pile of gold.

#.#######.######.###
..........# #.#
########..# #.#
.........#
#######..# #.......#
#.####..# #.....#
#...##@##
......F$.......
...?....######.
.....#..# ######$.#
#... #.(. #...


You could see Prince Ribbit.

Vanquished Creatures
  Edmund (D:4)
  Duvessa (D:4)
  Dowan (D:4)
  2 hounds
  A bullfrog skeleton (D:4)
  Ijyb (D:4)
  2 worker ants (D:4)
  A hound skeleton (D:5)
  3 gnolls
  2 adders
  A shadow imp (D:4)
  4 worms
  A dart slug (D:1)
  A leopard gecko (D:3)
  An orc (D:3)
  6 bats
  2 giant cockroaches (D:1)
  4 goblins
  8 hobgoblins
  4 jackals
  3 ball pythons
  3 frilled lizards
  3 kobolds
  7 rats
63 creatures vanquished.

Notes
Turn   | Place    | Note
-------+----------+-------------------------------------------
     0 | D:1      | vurker the Minotaur Gladiator began the quest for the Orb.
     0 | D:1      | Reached XP level 1. HP: 18/18 MP: 0/0
   127 | D:1      | Reached XP level 2. HP: 23/25 MP: 1/1
   196 | D:1      | Reached skill level 4 in Staves
   278 | D:1      | Reached skill level 1 in Armour
   729 | D:1      | Reached XP level 3. HP: 28/30 MP: 2/2
  1615 | D:2      | Reached XP level 4. HP: 26/38 MP: 1/3
  1981 | D:3      | Found an opulent altar of Gozag.
  2063 | D:3      | Became a worshipper of Gozag Ym Sagoz the Greedy
  2474 | D:4      | Noticed Duvessa
  2474 | D:4      | Noticed Dowan
  2484 | D:4      | Killed Duvessa
  2484 | D:4      | Reached skill level 5 in Staves
  2484 | D:4      | Reached XP level 5. HP: 46/46 MP: 4/4
  2501 | D:4      | Killed Dowan
  2501 | D:4      | Reached XP level 6. HP: 5/52 MP: 0/5
  2810 | D:4      | Reached skill level 6 in Staves
  2826 | D:4      | Noticed Edmund
  2857 | D:4      | Killed Edmund
  2874 | D:4      | Found a shattered altar of Ashenzari.
  3052 | D:4      | Noticed Ijyb
  3061 | D:4      | Killed Ijyb
  3513 | D:4      | Reached XP level 7. HP: 60/60 MP: 6/6
  3625 | D:4      | Found a snail-covered altar of Cheibriados.
  3626 | D:4      | Found an ornate altar of the Wu Jian Council.
  3626 | D:4      | Found a blossoming altar of Fedhas.
  3626 | D:4      | Found a sparkling altar of Nemelex Xobeh.
  3626 | D:4      | Found a bloodstained altar of Trog.
  3627 | D:4      | Found a sacrificial altar of Ru.
  3628 | D:4      | Found a glowing golden altar of the Shining One.
  3629 | D:4      | Found a shimmering altar of Xom.
  3690 | D:5      | Entered Level 5 of the Dungeon
  3712 | D:5      | Found Biulovi's Book Boutique.
  3728 | D:5      | Noticed Prince Ribbit
  3746 | D:5      | HP: 2/60 [Prince Ribbit (3)]
  3748 | D:5      | Slain by Prince Ribbit

Levels and vault maps discovered:
D:1:      minmay_arrival_radiant_lines, layout_basic
D:2:      cheibrodos_old_hovel, layout_basic
D:3:      layout_basic, grunt_gozag_statues
D:4:      minmay_spotlight, layout_basic, minitemple, ashenzari_altar_1,
          first_ration, uniq_ijyb, uniq_edmund, uniq_duvessa
D:5:      layout_loops_ring, old_standard_altar, serial_shops, shop, shop,
          shop_fountains, kennysheep_little_box, shop, nicolae_alphabet_shops,
          grunt_ministairs_1, minmay_fire_ice_demons, uniq_prince_ribbit1

Skill      XL: |  1  2  3  4  5  6 |
---------------+-------------------+-----
Staves         | 4 5 6 |  6.8
Armour         | 1 2 3 |  3.7
Fighting       | 3 4 |  4.7
Dodging        | 4 |  4.9
Throwing       | |  2.0

Action                   |  1- 3 |  4- 6 |  7- 9 || total
-------------------------+-------+-------+-------++-------
Melee: Quarterstaff      |    88 |   127 |    12 ||   227
       Headbutt          |    12 |    23 |     2 ||    37
Throw: Throwing net      |       |     1 |     1 ||     2
  Use: Potion            |       |       |     2 ||     2
 Stab: Held in net/web   |       |     1 |       ||     1
  Eat: Chunk             |     2 |     2 |       ||     4
       Ration            |       |     1 |     1 ||     2
Armor: Scale mail        |    32 |       |       ||    32
       Leather armour    |     3 |       |       ||     3
       Plate armour      |    11 |    60 |     6 ||    77
Dodge: Dodged            |    40 |    44 |     6 ||    90
